 Dungeon Crawl Stone Soup version 0.29.1-2-gbd0b4ee654 (webtiles) character file.

Game seed: 13239798716272949366

957 warriortoast the Fighter (level 7, -1/69 HPs)
             Began as a Minotaur Fighter on Nov 22, 2022.
             Was an Initiate of Okawaru.
             Slain by a yak (12 damage)
             ... on level 4 of the Dungeon.
             The game lasted 00:07:26 (6486 turns).

warriortoast the Fighter (Minotaur Fighter)         Turns: 6486, Time: 00:07:27

Health: -1/69      AC:  7    Str: 23    XL:     7   Next: 91%
Magic:  6/6        EV:  9    Int:  5    God:    Okawaru [......]
Gold:   256        SH:  4    Dex:  9    Spells: 6/6 levels left

rFire   + . .      SeeInvis .   a - +0 war axe
rCold   . . .      Faith    .   c - +0 buckler
rNeg    . . .      Spirit   .   b - +1 scale mail
rPois   .          Reflect  .   (helmet restricted)
rElec   .          Harm     .   (no cloak)
rCorr   .          Rampage  .   (no gloves)
Will    .....                   (no boots)
Stlth   ..........              (no amulet)
HPRegen 0.21/turn               h - ring of flight
MPRegen 0.10/turn               f - ring of protection from fire

@: flying, invisible
A: horns 2, retaliatory headbutt
a: Renounce Religion


You were on level 4 of the Dungeon.
You worshipped Okawaru.
Okawaru was noncommittal.
You visited 1 branch of the dungeon, and saw 5 of its levels.
You also visited: Sewer.

You collected 256 gold pieces.

Inventory:

Hand Weapons
 a - a +0 war axe (weapon)
Armour
 b - a +1 scale mail (worn)
 c - a +0 buckler (worn)
Jewellery
 f - a ring of protection from fire (right hand)
 h - a ring of flight (left hand)
Wands
 t - a wand of flame (15)
 v - a wand of paralysis (7)
Scrolls
 g - 4 scrolls of identify
 i - 2 scrolls of enchant armour
 s - 3 scrolls of teleportation {unknown}
 u - a scroll of poison {unknown}
 w - a scroll of immolation {unknown}
 x - a scroll of fog {unknown}
Potions
 d - 2 potions of might
 e - a potion of attraction {unknown}
 j - a potion of berserk rage {unknown}
 k - a potion of invisibility
 l - 2 potions of heal wounds {unknown}
 m - 2 potions of haste {unknown}
 n - a potion of cancellation {unknown}
 o - 2 potions of brilliance {unknown}
 p - a potion of resistance {unknown}
 q - a potion of experience {unknown}
 r - 2 potions of magic {unknown}
 z - a potion of curing {unknown}


   Skills:
 + Level 8.5 Fighting
 + Level 8.1 Axes
 - Level 3.6 Armour
 - Level 3.6 Shields


You had 6 spell levels left.
You didn't know any spells.
Your spell library contained the following spells:

 Spells                   Type           Power      Damage    Failure   Level
 Sting                    Tmut/Pois      0%         1d3       86%         1
 Poisonous Vapours        Pois/Air       0%         N/A       95%         2
 Portal Projectile        Hex/Tloc       0%         N/A       99%         3
 Leda's Liquefaction      Hex/Erth       0%         N/A       100%        4
 Olgreb's Toxic Radiance  Pois           0%         N/A       100%        4
 Call Canine Familiar     Summ           Unusable   N/A       N/A         3

Dungeon Overview and Level Annotations

Branches:
Dungeon (5/15)              Sewer (visited)
 Temple: D:4-7

Altars:
Ashenzari
Cheibriados
Gozag
Makhleb
Okawaru
Qazlal
Xom
Yredelemnul

Shops:
D:4 *   D:5 [


Innate Abilities, Weirdness & Mutations

You have a pair of horns on your head.
You reflexively headbutt those who attack you in melee.


Message History

There is an open door here.
A yak is nearby!
A yak is nearby!
A yak comes into view.
The yak bellows!
You hear a bellow!
A yak comes into view.
A yak comes into view.
The yak bellows! x2
There is an open door here.
The yak attacks as you move away! The yak gores you.
There is an open door here.
The yak attacks as you move away! The yak barely misses you.
The yak attacks as you move away! The yak gores you.
The yak attacks as you move away! The yak gores you but does no damage.
There is an open door here.
The yak attacks as you move away! The yak gores you.
The yak attacks as you move away! The yak gores you.
The yak attacks as you move away! You block the yak's attack.
The yak attacks as you move away! The yak barely misses you.
The yak attacks as you move away! The yak barely misses you.
The yak attacks as you move away! The yak gores you!
The yak attacks as you move away! The yak gores you!
The yak attacks as you move away! You block the yak's attack.
The yak attacks as you move away! The yak gores you.
The yak attacks as you move away! The yak gores you!
* * * LOW HITPOINT WARNING * * *
The yak attacks as you move away! The yak barely misses you.
You furiously retaliate!
You headbutt the yak!
You fade into invisibility!
The yak gores you.
* * * LOW HITPOINT WARNING * * *
There is a stone staircase leading up, spattered with blood here.
The yak gores you.
* * * LOW HITPOINT WARNING * * *
You fly upwards.
There is a stone staircase leading down here.
You hit the yak but do no damage. You headbutt the yak.
The yak is moderately wounded.
The yak gores you!
You die...

...##......#..........# ##...###
#####...#######...########.......
#.............#####..........##
###.##########..# #...###......#.
#...##########..###.#####......#.
#.###...............###........#.
#.....########..#...........###..
...########..................##.#
#### #........#.@.............#.#
#........#.Y.............#.#
##........#...............#.#
#####.........#...............#..
#.............#..................
......#########..................
......# #...................
#.....# ###.##....).)..).#....
#.....######...#######.#####.....


You could see a yak (unable to see you).

Vanquished Creatures
  A yak (D:5)
  A water moccasin (D:4)
  An ice beast (D:5)
  An ogre (D:5)
  A centaur (D:5)
  A scorpion (D:5)
  A jelly (D:4)
  A hound (D:5)
  An iguana (D:4)
  6 adders
  4 gnolls (D:4)
  8 river rats (Sewer)
  A white imp (D:5)
  A worm (D:4)
  5 dart slugs
  5 orcs
  15 ball pythons
  2 bats
  4 endoplasms
  10 giant cockroaches
  7 goblins
  7 hobgoblins
  4 jackals (D:4)
  5 quokkas
  A frilled lizard (D:1)
  24 kobolds
  27 rats
145 creatures vanquished.

Vanquished Creatures (others)
  A fungus (D:1)
1 creature vanquished.

Grand Total: 146 creatures vanquished

Notes
Turn   | Place    | Note
-------+----------+-------------------------------------------
     0 | D:1      | warriortoast the Minotaur Fighter began the quest for the
                  | Orb.
     0 | D:1      | Reached XP level 1. HP: 19/19 MP: 0/0
    66 | D:1      | Reached XP level 2. HP: 27/27 MP: 1/1
   372 | D:1      | Found a faded altar of an unknown god.
   660 | D:2      | Identified the +1 leather armour of Shielding {rC- Int+7}
  1011 | D:2      | Reached XP level 3. HP: 13/34 MP: 2/2
  1683 | D:3      | Found a stormy altar of Qazlal.
  1724 | D:3      | Found a glowing drain.
  1734 | D:3      | Reached XP level 4. HP: 40/41 MP: 3/3
  1741 | Sewer    | Entered a sewer
  1756 | Sewer    | Reached skill level 5 in Fighting
  2002 | Sewer    | Reached XP level 5. HP: 39/48 MP: 4/4
  2112 | Sewer    | Reached skill level 5 in Axes
  3404 | D:4      | Reached XP level 6. HP: 48/57 MP: 5/5
  3954 | D:4      | Found Afoit's Overcharged Wands.
  4070 | D:4      | Found a shimmering altar of Xom.
  4305 | D:5      | Entered Level 5 of the Dungeon
  4307 | D:5      | Noticed a water moccasin
  4330 | D:4      | Killed a water moccasin
  5005 | D:5      | Reached XP level 7. HP: 10/66 MP: 6/6
  5570 | D:5      | Found Ythraune's Armour Shop.
  5594 | D:5      | HP: 3/67 [poisoned by a scorpion]
  6018 | D:5      | Found an iron altar of Okawaru.
  6027 | D:5      | Found a basalt altar of Yredelemnul.
  6032 | D:5      | Became a worshipper of Warmaster Okawaru
  6055 | D:5      | Found a burning altar of Makhleb.
  6058 | D:5      | Found a broken altar of Ashenzari.
  6060 | D:5      | Found a snail-covered altar of Cheibriados.
  6066 | D:5      | Found an opulent altar of Gozag.
  6072 | D:5      | Noticed a yak
  6072 | D:5      | Noticed a yak
  6092 | D:5      | Killed a yak
  6410 | D:5      | Noticed a yak
  6410 | D:5      | Noticed a yak
  6411 | D:5      | Noticed a yak
  6486 | D:4      | Slain by a yak

Illustrated notes

Levels and vault maps discovered:
D:1:      dpeg_arrival_prison, layout_rooms,
          hellmonk_ecumenical_altar_pennies_from_heaven
D:2:      layout_loops_ring, kennysheep_generic_room_9
D:3:      layout_rooms, mainiacjoe_overflow_alcove_1, portal_sewer_entry_f,
          chequers_garden
D:4:      layout_rooms, mainiacjoe_overflow_surrounded_room,
          nicolae_shop_overcharged_wands
D:5:      layout_gridville, nicolae_overflow_hallway_of_the_gods, serial_shops,
          shop, uniq_blork_the_orc

Skill      XL: |  1  2  3  4  5  6  7 |
---------------+----------------------+-----
Fighting       | 4 5 6 7 8 |  8.5
Axes           | 3 4 5 6 8 |  8.1
Armour         | |  3.6
Shields        | |  3.6

Action                   |  1- 3 |  4- 6 |  7- 9 || total
-------------------------+-------+-------+-------++-------
Melee: War axe           |    78 |   157 |    43 ||   278
       Headbutt          |     8 |    16 |     9 ||    33
  Use: Scroll            |     2 |       |       ||     2
       Potion            |       |       |     1 ||     1
Armor: Scale mail        |    39 |    78 |    14 ||   131
Dodge: Dodged            |    27 |    96 |    24 ||   147
Block: Buckler           |    15 |    44 |    10 ||    69
